 Dungeon Crawl Stone Soup version 0.30.0 (webtiles) character file.

Game seed: 15347754958504158326

434382 sffallen the Executioner (level 23, -11/240 HPs)
             Began as a Hill Orc Fighter on Jan 10, 2024.
             Was an Elder of Ashenzari.
             Killed from afar by a hellion (36 damage)
             ... with damnation
             ... summoned by a dread lich
             ... on level 2 of the Depths on Jan 14, 2024.
             The game lasted 07:59:29 (46238 turns).

sffallen the Executioner (Hill Orc Fighter)        Turns: 46238, Time: 07:59:30

Health: -11/240    AC: 32    Str: 33    XL:     23   Next: 98%
Magic:  23/23      EV: 23    Int: 12    God:    Ashenzari [****..]
Gold:   5667       SH: 24    Dex: 10    Spells: 23/23 levels left

rFire   . . .        p - +7 broad axe "Zen Tas" {spect, rC+ rCorr Str+3 Dex-3}
rCold   + + .        N - +2 tower shield "Tethered Paranoia" {Bglg, Self} (curse)
rNeg    . . .        H - +3 chain mail of Ashenzari's Moon {rPois rC+ Int+4, Melee, Evo} (curse)
rPois   +            l - +2 helmet "Restrained With Me" {Self, Range} (curse)
rElec   .            c - +0 cloak of Ashenzari's Disgust {Fort, Evo} (curse)
rCorr   +            a - +2 pair of gloves {Dex+3}
SInv    +            K - +0 pair of boots "At What Cost Knowledge?" {Fort, Evo} (curse)
Will    +....        S - amulet of regeneration Stlth
                     A - ring "Doubts of Ashenzari" {EV+5, Self, Alch} (curse)
HPRegen 1.40/turn    D - ring of Ashenzari's Stoicism {EV+5, Self, Fort} (curse)
MPRegen 0.18/turn

%: clarity
@: unable to read
A: screaming 1, inability to read after injury 1
}: 2/15 runes: barnacled, gossamer
a: Renounce Religion, Curse Item, Shatter the Chains


You were on level 2 of the Depths.
You worshipped Ashenzari.
Ashenzari was greatly pleased with you.
You visited 9 branches of the dungeon, and saw 40 of its levels.
You visited the Abyss 5 times.

You collected 7542 gold pieces.
You spent 1875 gold pieces at shops.

Inventory:

Hand Weapons
 p - the +7 broad axe "Zen Tas" (weapon) {spect, rC+ rCorr Str+3 Dex-3}
   (You found it on level 2 of the Shoals)

   Str:       It affects your strength (+3).
   Dex:       It affects your dexterity (-3).
   rC:        It protects you from cold.
   rCorr:     It protects you from acid and corrosion.
 J - a +2 battleaxe of flaming
Missiles
 k - 77 poisoned darts
 w - 13 curare-tipped darts
Armour
 a - a +2 pair of gloves of dexterity (worn)
 c - the cursed +0 cloak of Ashenzari's Disgust (worn) {Fort, Evo}
   (You found it on level 11 of the Dungeon)

   It has a curse which improves the following skills: Fortitude: Armour and
   Shields.
   Evocations: Evocations.
 l - the cursed +2 helmet "Restrained With Me" (worn) {Self, Range}
   (You found it on level 2 of the Dungeon)

   It has a curse which improves the following skills: Introspection: Fighting
   and Spellcasting.
   Ranged Combat: Ranged Weapons and Throwing.
 m - a +0 pair of boots
 s - a +5 plate armour of cold resistance
 C - a +1 hat
 H - the cursed +3 chain mail of Ashenzari's Moon (worn) {rPois rC+ Int+4, Melee, Evo}
   (You found it on level 7 of the Dungeon)

   Int:       It affects your intelligence (+4).
   rC:        It protects you from cold.
   rPois:     It protects you from poison.
   It has a curse which improves the following skills: Melee Combat: Short
   Blades, Long Blades, Axes, Maces & Flails, Polearms, Staves and Unarmed
   Combat.
   Evocations: Evocations.
 K - the cursed +0 pair of boots "At What Cost Knowledge?" (worn) {Fort, Evo}
   (You found it on level 3 of the Lair of Beasts)

   It has a curse which improves the following skills: Fortitude: Armour and
   Shields.
   Evocations: Evocations.
 N - the cursed +2 tower shield "Tethered Paranoia" (worn) {Bglg, Self}
   (You found it on level 8 of the Dungeon)

   It has a curse which improves the following skills: Beguiling: Conjurations,
   Hexes and Translocations.
   Introspection: Fighting and Spellcasting.
Jewellery
 e - a ring of magical power
 A - the cursed ring "Doubts of Ashenzari" (left hand) {EV+5, Self, Alch}
   (You found it on level 5 of the Dungeon)

   [ring of evasion]

   EV:        It affects your evasion (+5).
   It has a curse which improves the following skills: Introspection: Fighting
   and Spellcasting.
   Alchemy:   Poison Magic and Transmutations.
 B - a ring of resist corrosion
 D - the cursed ring of Ashenzari's Stoicism (right hand) {EV+5, Self, Fort}
   (You found it on level 6 of the Dungeon)

   [ring of evasion]

   EV:        It affects your evasion (+5).
   It has a curse which improves the following skills: Introspection: Fighting
   and Spellcasting.
   Fortitude: Armour and Shields.
 O - a ring of willpower
 Q - a +6 ring of strength
 S - an amulet of regeneration (around neck)
 W - a ring of positive energy
 X - a +4 ring of protection
Wands
 t - a wand of polymorph (10)
 y - a wand of digging (18)
 E - a wand of paralysis (51)
 G - a wand of mindburst (20)
 M - a wand of flame (79)
 P - a wand of roots (25) (quivered)
 Y - a wand of quicksilver (23)
Scrolls
 b - a scroll of summoning
 f - a scroll of teleportation
 i - a scroll of brand weapon
 n - 4 scrolls of fear
 o - 10 scrolls of blinking
 u - 4 scrolls of poison
 F - 4 scrolls of silence
 L - a scroll of amnesia
 R - 2 scrolls of torment
 U - 11 scrolls of fog
Potions
 d - 10 potions of might
 g - 11 potions of flight
 h - 13 potions of curing
 j - 2 potions of heal wounds
 q - 9 potions of attraction
 r - 2 potions of berserk rage
 x - 8 potions of haste
 z - 4 potions of resistance
 I - 8 potions of invisibility
 T - 4 potions of ambrosia
 V - 6 potions of mutation
 Z - 3 potions of cancellation
Miscellaneous
 v - a phial of floods (inert)


   Skills:
 * Level 24.8(27) Fighting
 * Level 26.5(27) Axes
 + Level 21.6(24.8) Armour
 - Level 11.0 Dodging
 + Level 21.2(24.4) Shields
 - Level 4.1(7.4) Evocations


You had 23 spell levels left.
You didn't know any spells.
Your spell library contained the following spells:

 Spells                   Type           Power      Damage    Failure   Level
 Apportation              Tloc           0%         N/A       52%         1
 Sting                    Tmut/Pois      0%         1d3       52%         1
 Shock                    Conj/Air       0%         1d3       54%         1
 Freeze                   Ice            0%         1d3       56%         1
 Necrotise                Necr           0%         1d4       56%         1
 Summon Small Mammal      Summ           0%         N/A       56%         1
 Ensorcelled Hibernation  Hex/Ice        0%         N/A       67%         2
 Passwall                 Tmut/Erth      0%         N/A       67%         2
 Poisonous Vapours        Pois/Air       0%         N/A       67%         2
 Static Discharge         Conj/Air       0%         2-2/arc   67%         2
 Dazzling Flash           Conj/Hex       0%         N/A       88%         3
 Hailstorm                Conj/Ice       0%         3d3       88%         3
 Inner Flame              Hex/Fire       0%         N/A       88%         3
 Portal Projectile        Hex/Tloc       0%         N/A       88%         3
 Spider Form              Tmut/Pois      0%         N/A       88%         3
 Tukima's Dance           Hex            0%         N/A       88%         3
 Volatile Blastmotes      Fire/Tloc      0%         2d10      88%         3
 Frozen Ramparts          Ice            0%         1d1       90%         3
 Ozocubu's Armour         Ice            0%         N/A       90%         3
 Swiftness                Air            0%         N/A       90%         3
 Vampiric Draining        Necr           0%         2d6       90%         3
 Anguish                  Hex/Necr       0%         N/A       99%         4
 Ice Form                 Ice/Tmut       0%         N/A       99%         4
 Iskenderun's Mystic Bla  Conj/Tloc      0%         2d3       99%         4
 Olgreb's Toxic Radiance  Pois           0%         N/A       99%         4
 Passage of Golubria      Tloc           0%         N/A       99%         4
 Airstrike                Air            0%         2d(0-16)  100%        4
 Animate Armour           Summ/Erth      0%         N/A       100%        4
 Summon Lightning Spire   Summ/Air       0%         N/A       100%        4
 Agony                    Necr           0%         N/A       100%        5
 Alistair's Intoxication  Tmut/Pois      0%         N/A       100%        5
 Blade Hands              Tmut           0%         N/A       100%        5
 Borgnjor's Vile Clutch   Necr/Erth      0%         N/A       100%        5
 Fireball                 Conj/Fire      0%         3d3       100%        5
 Irradiate                Conj/Tmut      0%         3d11      100%        5
 Iskenderun's Battlesphe  Conj           0%         2d6       100%        5
 Yara's Violent Unravell  Hex/Tmut       0%         3d3       100%        5
 Conjure Ball Lightning   Conj/Air       0%         3x3d6     100%        6
 Eringya's Noxious Bog    Tmut/Pois      0%         N/A       100%        6
 Iron Shot                Conj/Erth      0%         9d1       100%        6
 Simulacrum               Ice/Necr       0%         N/A       100%        6
 Starburst                Conj/Fire      0%         6d3       100%        6
 Dragon Form              Tmut           0%         N/A       100%        7
 Enfeeble                 Hex            0%         N/A       100%        7
 Orb of Destruction       Conj           0%         9d5       100%        7
 Ozocubu's Refrigeration  Ice            0%         4d7       100%        7
 Storm Form               Tmut/Air       0%         N/A       100%        7
 Maxwell's Capacitive Co  Air            0%         ∞         100%        8


Dungeon Overview and Level Annotations

Branches:
Dungeon (15/15)            Temple (1/1) D:6            Lair (5/5) D:8
 Shoals (4/4) Lair:2       Spider (4/4) Lair:2        Slime (0/5) Lair:4
    Orc (2/2) D:12            Elf (3/3) Orc:2        Vaults (4/5) D:13
  Crypt (0/3) Vaults:3     Depths (2/4) D:15

Altars:
Ashenzari
Cheibriados
Dithmenos
Elyvilon
Fedhas
Gozag
Hepliaklqana
Kikubaaqudgha
Makhleb
Nemelex Xobeh
Okawaru
Qazlal
Ru
Sif Muna
Trog
Uskayaw
Vehumet
Wu Jian
Xom
Yredelemnul
Zin
The Shining One
Beogh
Jiyva

Shops:
D:11 [   Orc:2 :((=   Shoals:1 (   Shoals:3 *   Vaults:3 [   Vaults:4 (
Depths:1 *

Portals:
Hell: Depths:1 Depths:2
Pandemonium: Depths:2
Ziggurat: Depths:2
Trove: Elf:2 (give 6 potions of haste)

Annotations:
D:4 Pikel
D:15 Roxanne
Lair:3 exclusion: oklob plant
Spider:1 Asterion
Depths:2 exclusion: orange crystal statue


Innate Abilities, Weirdness & Mutations

You occasionally shout uncontrollably at your foes.
You occasionally lose the ability to read scrolls when taking damage.


Message History

You cut the Brimstone Fiend into ribbons!!!
You kill the Brimstone Fiend!
The Brimstone Fiend disappears in a puff of smoke!
Your +7 broad axe "Zen Tas" {spect, rC+ rCorr Str+3 Dex-3} disappears.
The Brimstone Fiend gestures at you.
The sphere of damnation explodes!
The damnation engulfs you!!
The ancient lich casts a spell.
The ancient lich flickers and vanishes for a moment.
The Brimstone Fiend calls on the powers of darkness!
Your body is wracked with pain!
The dread lich mumbles some strange words.
The green death disappears in a puff of smoke!
The hellion gestures at you.
The sphere of damnation explodes!
The damnation engulfs you!! The hellion gestures at you.
The sphere of damnation explodes!
The damnation engulfs you!!
* * * LOW HITPOINT WARNING * * *
The ancient lich casts a spell.
The ancient lich seems to speed up.
The dread lich casts a spell.
The dread lich flickers and vanishes for a moment.
The dread lich gestures wildly while chanting.
You block the hellion's attack. The hellion attacks as you move away!
You block the hellion's attack.
The tormentor grins evilly.
You block the hellion's attack. The hellion gestures at you.
The sphere of damnation explodes!
The damnation engulfs you!!
* * * LOW HITPOINT WARNING * * *
The hellion gestures at you.
The sphere of damnation explodes!
The damnation engulfs you!!
* * * LOW HITPOINT WARNING * * *
You feel much better. The hellion gestures at you.
The sphere of damnation explodes!
The damnation engulfs you!!
* * * LOW HITPOINT WARNING * * *
The hellion gestures at you.
The sphere of damnation explodes!
The damnation engulfs you!!!
You feel threatened and lose the ability to read scrolls!
You die...

...)....#.##.#..##L##...#
'##'#######......###..#.#
............##....#.....#
.##.######.......(......#
..............####...[..#
.#..#######......#(###..######
....####..#...##.#.###.....(.#
.####..(.##...(.....1...####.#
##.......##..#..@..2....####.#
........###.##...............#
.......## #.......#####.######
......## ######### #.# ......#
##..## #.#
.....##########§...####.#
..[[''..............'...#
..).'†..............'[.^#
....[##########§...####?#


You could see a Brimstone Fiend (summoned) and a hellion (summoned).

Vanquished Creatures
  Mara (Depths:1)
  Vv (Depths:2)
  Nikola (Vaults:1)
  A golden dragon (Depths:2)
  3 bone dragons (Abyss:3)
  The ghost of jorbis the Crack Shot, an adept DsHs of Qazlal (Elf:3)
  A pearl dragon (Abyss:3)
  A hellephant (Abyss:3)
  Jorgrun (Shoals:2)
  3 deep elf blademasters
  4 liches
  A deep elf master archer (Elf:2)
  Agnes (D:15)
  3 sphinxes
  8 tentacled starspawn (Abyss:3)
  2 tengu reavers
  Donald (Shoals:1)
  11 vault wardens
  9 emperor scorpions
  A nagaraja (Abyss:3)
  2 fire giants
  Louise (D:15)
  4 deep elf elementalists
  9 deep elf sorcerers
  4 frost giants
  3 ghost moths (Spider:4)
  An orc warlord (Vaults:4)
  16 ironbound preservers
  A spriggan defender (Depths:2)
  22 very ugly things
  11 stone giants
  2 broodmothers (Spider:4)
  3 war gargoyles
  2 deep elf demonologists (Elf:3)
  7 ironbound thunderhulks
  A green draconian (Abyss:3)
  2 vampire knights
  A yellow draconian (Abyss:3)
  Azrael (Spider:2)
  A lorocyproca (Abyss:3)
  13 dire elephants
  7 spark wasps
  7 deep elf death magi
  19 starcursed masses (Abyss:3)
  11 deep elf annihilators
  9 merfolk impalers
  An eidolon (Abyss:3)
  2 ettins
  A green death (Abyss:3)
  2 fire dragons
  9 yaktaur captains
  7 deep elf high priests
  6 entropy weavers
  Harold (D:11)
  5 merfolk javelineers
  A crystal guardian (Vaults:3)
  9 great orbs of eyes
  2 vault guards
  3 hydras
  3 ice dragons (Depths:1)
  2 peacekeepers
  A ghost crab (Spider:1)
  A jorogumo (Spider:4)
  Erolcha (D:9)
  9 ironbound frosthearts
  Erica (D:10)
  A catoblepas (Lair:3)
  3 death knights
  3 radroaches
  4 merfolk avatars
  12 boulder beetles
  3 merfolk aquamancers
  9 centaur warriors
  2 death scarabs
  7 two-headed ogres
  4 death yaks (Lair:5)
  A naga warrior (Abyss:3)
  3 alligator snapping turtles (Shoals:4)
  A satyr (Shoals:4)
  A tengu warrior (Depths:1)
  2 vampire magi
  22 dancing weapons
  15 thrashing horrors (Abyss:3)
  8 orc high priests
  3 spriggan berserkers
  6 spriggans (Depths:2)
  4 hell hogs (Abyss:3)
  10 deep elf knights
  4 wretched stars (Abyss:3)
  15 hell knights
  A fire crab (Lair:4)
  2 pharaoh ants
  3 sixfirhies (Abyss:3)
  A shadow wraith (Abyss:3)
  8 skeletal warriors
  A sun moth (Spider:3)
  13 sea snakes
  4 skysharks
  A swamp dragon (Lair:5)
  9 orb spiders
  3 glowing orange brains
  A flayed ghost (Depths:2)
  10 wizards
  16 lindwurms
  41 deep trolls
  9 steelbarb worms
  9 deep elf archers
  13 orc knights
  2 phantasmal warriors (Depths:1)
  17 ironbound convokers
  11 harpies
  24 deep elf zephyrmancers
  28 deep elf pyromancers
  5 necromancers
  10 cyclopes
  4 orc sorcerers
  4 fauns (Shoals:3)
  20 wolf spiders
  9 manticores
  2 worldbinders (Abyss:3)
  A frost giant skeleton (Vaults:2)
  34 ugly things
  3 moths of wrath
  5 black mambas
  3 elephants (Lair:3)
  Joseph (D:8)
  12 demonic crawlers
  3 apocalypse crabs (Abyss:3)
  2 orange demons (Abyss:3)
  13 vault sentinels
  4 gargoyles
  Maurice (D:11)
  2 smoke demons (Abyss:3)
  9 merfolk sirens
  2 torpor snails
  3 water nymphs (Shoals:4)
  A yaktaur zombie (Vaults:2)
  Maggie (D:8)
  An alligator snapping turtle skeleton (Abyss:3)
  5 rime drakes
  2 unseen horrors
  7 komodo dragons
  8 cane toads
  3 kobold demonologists
  A tengu conjurer (Elf:1)
  A tormentor (Abyss:3)
  27 yaktaurs
  3 efreet
  2 freezing wraiths (Abyss:3)
  3 ice devils (Abyss:3)
  7 ancient zymes (Abyss:3)
  25 merfolk
  11 polar bears
  6 meliai
  7 wind drakes
  5 tyrant leeches (Spider:1)
  11 trolls
  Grinder (D:5)
  7 hornets
  Prince Ribbit (Lair:3)
  10 dream sheep
  21 tarantellas
  A raiju (shapeshifter) (D:14)
  10 snapping turtles
  21 blink frogs
  24 raiju
  A centaur simulacrum (D:13)
  16 large abominations (Abyss:3)
  3 shadows
  30 jumping spiders
  19 culicivoras
  35 slime creatures
  5 flying skulls (Abyss:3)
  A deep troll skeleton (Vaults:2)
  2 vampires
  4 ynoxinuls (Abyss:3)
  7 water elementals
  Sigmund (Temple)
  7 fire elementals
  A wyvern (D:9)
  2 air elementals
  16 humans (D:13)
  8 basilisks
  33 yaks
  8 wraiths
  2 fire bats (Abyss:3)
  46 redbacks
  Grum (D:9)
  3 chaos spawn (Abyss:3)
  3 steam dragons
  13 vampire mosquitoes
  A neqoxec (Abyss:3)
  6 wargs
  6 acid dragons
  17 hell hounds
  2 swamp drakes
  4 ice beasts
  45 orc warriors
  9 water moccasins
  A sky beast (D:6)
  2 human zombies (Vaults:2)
  13 black bears
  An ettin simulacrum (Abyss:3)
  8 ogres
  27 wolves
  5 boggarts
  7 centaurs
  6 kobold brigands
  2 phantoms
  11 bullfrogs
  4 earth elementals
  6 scorpions
  23 wights
  18 killer bees
  An electric eel (Lair:1)
  4 howler monkeys
  A quasit (Abyss:3)
  3 jellies
  33 orc priests
  3 hounds
  A sleepcap (D:6)
  4 iguanas
  28 orc wizards
  2 hell rats (Lair:4)
  17 small abominations (Abyss:3)
  4 gnolls
  2 adders (D:6)
  A shadow imp (D:5)
  3 white imps (Abyss:3)
  4 ufetubi
  A worm (D:5)
  A dart slug (D:1)
  131 orcs
  2 bats (D:1)
  9 endoplasms
  3 giant cockroaches
  8 goblins
  5 hobgoblins
  4 jackals
  5 quokkas
  5 ball pythons
  2 frilled lizards (D:1)
  20 kobolds
  A rat (D:2)
  10 starspawn tentacles (Abyss:3)
1846 creatures vanquished.

Vanquished Creatures (others)
  A wizard (D:14)
  2 ironbound convokers (Vaults:1)
  A harpy (Vaults:1)
  A culicivora (Spider:1)
  A golden eye (Abyss:3)
  A bullfrog (Lair:4)
  An orc (Elf:3)
  A bush (Abyss:3)
  2 demonic plants (Abyss:3)
  40 fungi
  A lurking horror (Abyss:3)
  100 plants
  54 spectral weapons
  6 starspawn tentacles (Abyss:3)
212 creatures vanquished.

Grand Total: 2058 creatures vanquished

Notes
Turn   | Place    | Note
-------+----------+-------------------------------------------
     0 | D:1      | sffallen the Hill Orc Fighter began the quest for the Orb.
     0 | D:1      | Reached XP level 1. HP: 19/19 MP: 1/1
     5 | D:1      | You fall into a shaft and drop 1 floor!
   115 | D:1      | Reached XP level 2. HP: 27/27 MP: 2/2
   126 | D:1      | Found a faded altar of an unknown god.
   192 | D:1      | Reached skill level 3 in Axes
   281 | D:1      | Reached XP level 3. HP: 33/33 MP: 3/3
   306 | D:1      | Reached skill level 4 in Axes
  1437 | D:3      | Reached skill level 5 in Axes
  1785 | D:4      | Noticed Pikel
  1785 | D:4      | Noticed a lemure
  1785 | D:4      | Noticed a lemure
  1785 | D:4      | Noticed a lemure
  1786 | D:4      | Noticed a lemure
  1844 | D:3      | Reached XP level 4. HP: 40/40 MP: 4/4
  2118 | D:3      | Reached skill level 6 in Axes
  2118 | D:3      | Reached XP level 5. HP: 7/46 MP: 5/5
  2420 | D:5      | Entered Level 5 of the Dungeon
  2454 | D:4      | Reached skill level 7 in Axes
  2454 | D:4      | Noticed a phantom
  2543 | D:4      | Killed a phantom
  2544 | D:4      | Reached XP level 6. HP: 53/55 MP: 6/6
  2604 | D:5      | Reached skill level 5 in Fighting
  2710 | D:5      | Noticed Grinder
  2724 | D:5      | Paralysed by Grinder for 3 turns
  2741 | D:5      | Paralysed by Grinder for 5 turns
  2746 | D:5      | Killed Grinder
  2747 | D:5      | Reached XP level 7. HP: 12/64 MP: 7/7
  3000 | D:5      | Found a shimmering altar of Xom.
  3005 | D:5      | Found a white marble altar of Elyvilon.
  3114 | D:6      | Noticed Sigmund
  3172 | D:5      | Found a broken altar of Ashenzari.
  3186 | D:5      | Became a worshipper of Ashenzari the Shackled
  3367 | D:5      | Reached skill level 8 in Axes
  3465 | D:5      | Reached XP level 8. HP: 55/74 MP: 8/8
  3570 | D:5      | Reached skill level 9 in Axes
  4273 | D:6      | Reached skill level 10 in Axes
  4300 | D:6      | Reached skill level 11 in Axes
  4487 | D:6      | Found an ornate altar of the Wu Jian Council.
  4785 | D:6      | Reached skill level 12 in Axes
  4792 | D:6      | Reached XP level 9. HP: 81/81 MP: 9/9
  4855 | D:6      | Found a staircase to the Ecumenical Temple.
  4866 | Temple   | Entered the Ecumenical Temple
  4874 | Temple   | Killed Sigmund
  4875 | Temple   | Reached skill level 13 in Axes
  5540 | D:7      | Reached skill level 14 in Axes
  5556 | D:7      | Identified the +3 chain mail of the Candlemaker {rPois rC+
                  | Int+4}
  5700 | D:7      | Noticed a hornet
  5711 | D:7      | Killed a hornet
  5892 | D:7      | Reached skill level 15 in Axes
  6601 | D:8      | Noticed a troll
  6612 | D:8      | Killed a troll
  6613 | D:8      | Reached skill level 16 in Axes
  6613 | D:8      | Reached XP level 10. HP: 65/88 MP: 10/10
  6844 | D:8      | Noticed Joseph
  6941 | D:8      | Noticed Maggie
  6943 | D:8      | Paralysed by Maggie for 5 turns
  6951 | D:8      | Reached skill level 10 in Fighting
  6966 | D:8      | Killed Maggie
  7192 | D:8      | Found a staircase to the Lair.
  7210 | D:8      | Killed Joseph
  7298 | D:8      | Found a blossoming altar of Fedhas.
  7298 | D:8      | Found a burning altar of Makhleb.
  7299 | D:8      | Found a shadowy altar of Dithmenos.
  7300 | D:8      | Found a shimmering blue altar of Sif Muna.
  7499 | D:9      | Noticed Erolcha
  7505 | D:9      | Killed Erolcha
  7583 | D:9      | Reached XP level 11. HP: 96/102 MP: 11/11
  7650 | D:9      | Noticed Grum
  7658 | D:9      | Killed Grum
  7659 | D:9      | Reached skill level 1 in Evocations
  7866 | D:10     | Entered Level 10 of the Dungeon
  7999 | D:9      | Reached skill level 17 in Axes
  8675 | D:10     | Noticed a two-headed ogre
  8684 | D:10     | Killed a two-headed ogre
  8808 | D:10     | Noticed Erica
  9187 | D:10     | Found a sacrificial altar of Ru.
  9199 | D:10     | Reached * piety under Ashenzari
  9331 | D:10     | Reached skill level 10 in Shields
  9706 | D:10     | Killed Erica
  9707 | D:10     | Reached XP level 12. HP: 63/112 MP: 12/12
 10006 | D:11     | Found Zyoty's Armour Boutique.
 10006 | D:11     | Noticed Maurice
 10028 | D:11     | Killed Maurice
 10029 | D:11     | Noticed Harold
 10041 | D:11     | Killed Harold
 10042 | D:11     | Reached skill level 5 in Armour
 10093 | D:11     | Noticed a two-headed ogre
 10098 | D:11     | Killed a two-headed ogre
 10230 | D:11     | Reached ** piety under Ashenzari
 10250 | D:11     | Noticed a death knight
 10488 | D:11     | Noticed a two-headed ogre
 10495 | D:11     | Noticed a sun demon
 10505 | D:11     | Killed a two-headed ogre
 10913 | D:11     | Noticed a two-headed ogre
 10921 | D:11     | Killed a two-headed ogre
 10922 | D:11     | Reached skill level 10 in Armour
 10923 | D:11     | Noticed a two-headed ogre
 10931 | D:11     | Killed a two-headed ogre
 11048 | D:11     | Noticed a boulder beetle
 11091 | D:11     | Killed a boulder beetle
 11242 | D:11     | Reached XP level 13. HP: 122/122 MP: 13/13
 11429 | D:11     | Reached XP level 14. HP: 52/129 MP: 14/14
 12382 | D:12     | Paralysed by an orc wizard for 3 turns
 12423 | D:12     | Reached *** piety under Ashenzari
 12437 | D:12     | Found a staircase to the Orcish Mines.
 12609 | D:12     | Identified the +2 robe of the Guardian {Drain rElec rC++
                  | SInv}
 12815 | D:13     | Found a gate to the Vaults.
 12975 | D:14     | Reached skill level 15 in Fighting
 13757 | Lair:1   | Entered Level 1 of the Lair of Beasts
 13936 | Lair:1   | Found a stormy altar of Qazlal.
 14152 | Lair:1   | You fall into a shaft and drop 1 floor!
 14277 | Lair:2   | Reached **** piety under Ashenzari
 14707 | Lair:1   | Reached skill level 1 in Dodging
 14844 | Lair:2   | Found an ancient bone altar of Kikubaaqudgha.
 15038 | Lair:2   | Found a staircase to the Shoals.
 15171 | Lair:2   | Found a hole to the Spider Nest.
 15236 | Lair:2   | Found a white marble altar of Elyvilon.
 15972 | Lair:3   | Noticed Prince Ribbit
 15977 | Lair:3   | Killed Prince Ribbit
 16520 | Lair:4   | Found a runed translucent door.
 16520 | Lair:4   | Found a viscous altar of Jiyva.
 16521 | Lair:4   | Found a staircase to the Slime Pits.
 16614 | Lair:4   | Found an ancient bone altar of Kikubaaqudgha.
 16798 | Lair:4   | Identified the +1 spear of Limamunt {holy, rC+++ Int-3}
 16863 | Lair:4   | Reached XP level 15. HP: 157/157 MP: 15/15
 17634 | Lair:5   | Entered Level 5 of the Lair of Beasts
 17665 | Lair:5   | Found a gate leading to a gauntlet.
 17835 | Lair:5   | Reached skill level 18 in Axes
 20026 | D:14     | Reached skill level 5 in Dodging
 20708 | D:14     | Reached XP level 16. HP: 155/168 MP: 16/16
 20883 | D:15     | Entered Level 15 of the Dungeon
 21244 | D:15     | Identified Roxanne's Anthology of Excavation
 21244 | D:15     | Noticed Roxanne
 21554 | D:15     | Found a staircase to the Depths.
 21610 | D:15     | Noticed Agnes
 21622 | D:15     | Killed Agnes
 21796 | D:15     | Noticed Louise
 21822 | D:15     | Reached skill level 19 in Axes
 21825 | D:15     | Killed Louise
 22929 | Orc:1    | Entered Level 1 of the Orcish Mines
 22995 | Orc:2    | Entered Level 2 of the Orcish Mines
 22995 | Orc:2    | Found a roughly hewn altar of Beogh.
 24537 | Orc:2    | Found Keffuod's Weapon Boutique.
 24537 | Orc:2    | Found Ogguj's Jewellery Boutique.
 24538 | Orc:2    | Found Buast's Book Boutique.
 24538 | Orc:2    | Found Abrupen's Weapon Shop.
 24549 | Orc:2    | Bought an amulet of regeneration for 390 gold pieces
 24549 | Orc:2    | Bought a ring of willpower for 325 gold pieces
 24780 | Orc:2    | Found a staircase to the Elven Halls.
 25404 | Spider:1 | Entered Level 1 of the Spider Nest
 25689 | Spider:1 | Noticed Asterion
 26031 | Spider:2 | Reached XP level 17. HP: 178/178 MP: 17/17
 26079 | Spider:2 | Noticed Azrael
 26099 | Spider:2 | Killed Azrael
 26251 | Spider:2 | Identified a scroll of acquirement
 26268 | Spider:1 | Acquired 998 gold pieces
 26307 | Spider:2 | Reached skill level 15 in Armour
 26725 | Spider:2 | Reached skill level 20 in Axes
 26975 | Spider:4 | Entered Level 4 of the Spider Nest
 27918 | Spider:4 | Reached skill level 15 in Shields
 28521 | Spider:4 | Got a gossamer rune of Zot
 28775 | Spider:4 | Reached XP level 18. HP: 189/189 MP: 18/18
 29260 | Shoals:1 | Entered Level 1 of the Shoals
 29264 | Shoals:1 | Noticed Donald
 29279 | Shoals:1 | Killed Donald
 29392 | Shoals:1 | Found Aczib's Weapon Emporium.
 29765 | Shoals:1 | Reached skill level 21 in Axes
 30227 | Shoals:2 | Identified the +7 broad axe "Zen Tas" {spect, rC+ rCorr
                  | Str+3 Dex-3}
 30429 | Shoals:2 | Noticed Jorgrun
 30439 | Shoals:2 | Killed Jorgrun
 30873 | Shoals:3 | Found Tanweav's General Store.
 30876 | Shoals:3 | Bought a potion of haste for 120 gold pieces
 30876 | Shoals:3 | Bought a potion of haste for 120 gold pieces
 31096 | Shoals:4 | Entered Level 4 of the Shoals
 31557 | Shoals:4 | Reached XP level 19. HP: 137/198 MP: 19/19
 31683 | Shoals:4 | Got a barnacled rune of Zot
 31990 | Vaults:1 | Entered Level 1 of the Vaults
 32176 | Vaults:1 | Noticed Nikola
 32182 | Vaults:1 | Killed Nikola
 32183 | Vaults:1 | Reached skill level 10 in Dodging
 32307 | Vaults:1 | Reached skill level 22 in Axes
 33658 | Vaults:2 | Reached XP level 20. HP: 71/210 MP: 20/20
 34775 | Vaults:3 | Found Cixiosh's Armour Emporium.
 34821 | Vaults:3 | Reached skill level 23 in Axes
 35066 | Vaults:3 | Identified the +5 long sword of the Tooth {venom, Str+4}
 35714 | Vaults:3 | Found a staircase to the Crypt.
 36057 | Vaults:4 | Found Kuhyguw's Weapon Boutique.
 36110 | Vaults:4 | Reached XP level 21. HP: 149/220 MP: 21/21
 36329 | Vaults:4 | Acquired 435 gold pieces
 36489 | Vaults:4 | Acquired 702 gold pieces
 37369 | Elf:1    | Entered Level 1 of the Elven Halls
 37698 | Elf:1    | Paralysed by an air elemental for 1 turns
 37871 | Abyss:3  | Cast into level 3 of the Abyss (a deep elf sorcerer)
 37883 | Abyss:3  | Found a corrupted altar of Lugonu.
 38034 | Abyss:3  | Reached skill level 24 in Axes
 38289 | Abyss:3  | Gained mutation: You occasionally lose the ability to read
                  | scrolls when taking damage. [a neqoxec]
 38359 | Elf:1    | Escaped the Abyss
 39194 | Elf:2    | Paralysed by an air elemental for 1 turns
 39420 | Elf:2    | Found a runed translucent gate.
 39420 | Elf:2    | Found a runed translucent gate.
 39421 | Elf:2    | Found a runed translucent gate.
 39535 | Elf:2    | Found a portal to a secret trove of treasure.
 39824 | Elf:2    | Reached XP level 22. HP: 146/232 MP: 22/22
 40148 | Elf:3    | Entered Level 3 of the Elven Halls
 40386 | Elf:3    | Found a large runed translucent door.
 40386 | Elf:3    | Found a large runed translucent door.
 40420 | Abyss:3  | Cast into level 3 of the Abyss (a deep elf sorcerer)
 40421 | Abyss:3  | Found a corrupted altar of Lugonu.
 40594 | Abyss:3  | Found a corrupted altar of Lugonu.
 40754 | Elf:3    | Escaped the Abyss
 40895 | Elf:3    | Noticed jorbis's ghost (adept DsHs)
 40898 | Elf:3    | Identified the ring of Moargh {rN+ Int+3 Dex+6}
 41182 | Elf:3    | Identified the +6 great mace of Soloeq {freeze, rElec rF-
                  | MP+9 Dex+3}
 41192 | Elf:3    | Found the ring of the Octopus King {HP+2 AC+2 EV+2 SH+2
                  | SInv}
 41192 | Elf:3    | Identified the ring "Elah Liwn" {Ice rN+ Int+3}
 41192 | Elf:3    | Identified the +5 glaive "Hour" {heavy, rC- rN+ Int+3
                  | Dex+2}
 41196 | Abyss:3  | Cast into level 3 of the Abyss (a deep elf sorcerer)
 41384 | Abyss:3  | Reached skill level 25 in Axes
 41428 | Abyss:3  | Identified the cursed +0 cloak of Ashenzari's Disgust
                  | {Fort, Evo} (You found it on level 11 of the Dungeon)
 41428 | Abyss:3  | Identified the cursed +2 helmet "Restrained With Me" {Self,
                  | Range} (You found it on level 2 of the Dungeon)
 41428 | Abyss:3  | Identified the cursed +0 pair of boots "At What Cost
                  | Knowledge?" {Fort, Evo} (You found it on level 3 of the
                  | Lair of Beasts)
 41428 | Abyss:3  | Identified the cursed +2 tower shield "Tethered Paranoia"
                  | {Bglg, Self} (You found it on level 8 of the Dungeon)
 41428 | Abyss:3  | Identified the cursed ring "Doubts of Ashenzari" {EV+5,
                  | Self, Alch} (You found it on level 5 of the Dungeon)
 41428 | Abyss:3  | Identified the cursed ring of Ashenzari's Stoicism {EV+5,
                  | Self, Fort} (You found it on level 6 of the Dungeon)
 41538 | Abyss:3  | Gained mutation: You occasionally shout uncontrollably at
                  | your foes. [a neqoxec]
 41540 | Elf:3    | Escaped the Abyss
 42182 | Abyss:3  | Cast into level 3 of the Abyss (a deep elf sorcerer)
 42488 | Elf:3    | Escaped the Abyss
 42757 | Elf:3    | Reached XP level 23. HP: 135/240 MP: 23/23
 42884 | Elf:3    | Identified the +3 hand axe of Pyitublu {venom, rF- Int+4
                  | Dex+6}
 42939 | Elf:3    | Identified the +6 arbalest "Lifebane" {heavy, rF+}
 43049 | Elf:3    | Identified the +9 glaive of Kareiguapn {vamp, rF+ Will+
                  | Int+2 Dex-5}
 43206 | Elf:3    | Killed jorbis's ghost
 43586 | Depths:1 | Entered Level 1 of the Depths
 43604 | Depths:1 | Identified the ring "Biyn" {rElec rCorr Str-3 Dex+6}
 43609 | Depths:1 | Identified the +4 ring mail of the Sparrow {Str+2 Int+2}
 43641 | Depths:1 | Found Nisk's Assorted Antiques.
 43657 | Depths:1 | Bought a potion of haste for 460 gold pieces
 43657 | Depths:1 | Bought a potion of haste for 460 gold pieces
 44046 | Depths:1 | Found a white marble altar of Elyvilon.
 44233 | Depths:1 | Found a stormy altar of Qazlal.
 44475 | Depths:1 | Found a gateway to Hell.
 44480 | Abyss:3  | Cast into level 3 of the Abyss (hell knight)
 44621 | Abyss:3  | Reached skill level 26 in Axes
 44664 | Abyss:3  | Paralysed by accursed screaming for 1 turns
 44779 | Depths:1 | Escaped the Abyss
 44878 | Depths:2 | Noticed an ancient lich
 44891 | Depths:2 | Found a one-way gateway to a ziggurat.
 44891 | Depths:2 | Noticed a dread lich
 44891 | Depths:2 | Noticed an ancient lich
 44891 | Depths:2 | Noticed Mara
 45052 | Depths:2 | Noticed sffallen's illusion
 45057 | Depths:1 | Noticed sffallen's illusion
 45063 | Depths:1 | Killed Mara
 45358 | Depths:2 | Noticed Vv
 45373 | Depths:2 | HP: 11/240 [Vv (13)]
 45596 | Depths:2 | Noticed a golden dragon
 45609 | Depths:2 | Killed a golden dragon
 45754 | Depths:2 | Found a one-way gate leading to the halls of Pandemonium.
 46012 | Depths:2 | Killed Vv
 46238 | Depths:2 | Killed from afar by a hellion

Illustrated notes

Levels and vault maps discovered:
D:1:      dpeg_arrival_tiny_a, layout_basic, dilly_ecumenical_altar_fadedgnrine
D:2:      layout_loops_ring, guppyfry_early_orc_mine
D:3:      layout_loops_corners
D:4:      layout_rooms, serial_shops, shop, uniq_pikel
D:5:      layout_loops_corners, grunt_temple_overflow_open, item_on_display_a,
          uniq_grinder
D:6:      layout_basic, nzn_wu_jian_contemplation, minmay_temple_entry_mist,
          uniq_sigmund
D:7:      layout_layer_cave, hangedman_decor_diamond_cutter
D:8:      layout_cave_pools, minitemple, due_lair_maze_entry_diamond,
          uniq_maggie, uniq_joseph
D:9:      layout_cave_pods, enter_bailey_4, minmay_orc_keep, uniq_erolcha,
          uniq_grum
D:10:     layout_roguey [special_room_orc], lemuel_tele_altar,
          grunt_decor_fettered, st_stairs_4, uniq_erica
D:11:     kennysheep_windowed_halls, layout_loops_ring, serial_shops,
          nicolae_shop_tiny_waterfront, minmay_liquid_box, uniq_harold,
          uniq_maurice
D:12:     layout_roguey, erik_orc_1
D:13:     layout_layer_cave, david_vaults_3
D:14:     layout_irregular_city
D:15:     grunt_enter_depths_giant_problem, layout_loops_ring,
          dk_noncrumbling_3, minivault_22, einodemon_crawler_minivault,
          uniq_agnes, uniq_louise, uniq_roxanne
Temple:   nicolae_temple_god_jail
Lair:1:   layout_regular_city, basic_altar, serial_bayou_lagoon_b,
          lemuel_fruit_fields
Lair:2:   layout_roguey, minmay_shoals_entry_beasts, spider_nest_entry_webs,
          basic_altar, lemuel_centaur_altar, serial_bayou_shore_a
Lair:3:   layout_regular_city, uniq_prince_ribbit2
Lair:4:   layout_concentric_octagons, slime_entry_2, basic_altar,
          nicolae_lair_lakeside_cave
Lair:5:   hangedman_lair_caniforms_friends, layout_gridlike,
          guppyfry_lair_end_dragon, gauntlet_entry_generic
Shoals:1: layout_shoals, serial_shops, nicolae_shop_rolling_square,
          overgrown_hall, uniq_donald
Shoals:2: layout_shoals, uniq_jorgrun
Shoals:3: layout_shoals, serial_shops, nicolae_shop_behind_doors
Shoals:4: shoals_end_simple, layout_shoals
Spider:1: layout_spider_delve, nicolae_spider_swamp_cousins, uniq_asterion
Spider:2: layout_spider_delve, hive_lemuel, uniq_azrael
Spider:3: layout_spider_delve
Spider:4: guppyfry_spider_rune, nicolae_spider_twisty_arc_passages
Orc:1:    layout_caves
Orc:2:    st_orc_pillars, layout_diamond_mine, basic_altar
Elf:1:    nicolae_elf_arrival_no_cutting_in_line, layout_loops_corners,
          hangedman_elf_disciples, statue_in_the_mist_lemuel
Elf:2:    nicolae_elf_blades_splatter_lattice
          [nicolae_blade_entry_sentries_behind_glass], layout_geoelf_diagonals,
          trove_entry_hex_spiral
Elf:3:    minmay_elf_hall_spiked, layout_rooms, ebering_ghost_disaster_area
Vaults:1: v_misc_18, vaults_room_fours, nicolae_vaults_trapezoid_layered,
          v_rooms_4, nicolae_vaults_network_star, v_pattern_5,
          vaults_room_boxed, grunt_vaults_focal,
          hangedman_vaults_stretched_pinwheel, layout_vaults_omnigrid,
          uniq_nikola
Vaults:2: dpeg_vaults_monster_row, v_pattern_4,
          nicolae_vaults_ellipses_ellipsis, v_rooms_2, hangedman_vaults_corner,
          hangedman_vaults_stagger, nicolae_vaults_little_squares_2,
          nicolae_vaults_enemy_cabinets, nicolae_vaults_double_plus_1,
          nicolae_vaults_diamond_2, vaults_room_stairs_pillars,
          layout_vaults_omnicross
Vaults:3: v_misc_10, blue_anna_dwarven_crypt, vaults_dpeg_encased_lava,
          nicolae_vaults_little_squares_4, nicolae_vaults_little_squares_1,
          ontoclasm_vaults_twist, nicolae_vaults_shelves_hall, v_misc_2,
          v_alt_pattern_6, nicolae_vaults_ring_of_whatevers, vaults_mumra_hex,
          vaults_room_glass_cross, layout_vaults_maze_bifur, serial_shops, shop
Vaults:4: vaults_room_stairs_pillars, v_misc_30,
          nicolae_vaults_doubleplus_tesselated, ontoclasm_vaults_fault,
          v_misc_16, v_pattern_2, v_misc_16, grunt_vaults_bifocal,
          nicolae_vaults_closet_pinwheel_4, hangedman_vaults_nails, v_misc_12,
          nicolae_vaults_house_2, layout_vaults_chaotic_city, serial_shops,
          nicolae_shop_just_a_little_nook
Depths:1: layout_gridville, grunt_hell_entry_dis_old,
          nicolae_qazlal_eye_of_the_storm, elyvilon_altar_5, minmay_shop_star
Depths:2: grunt_bruiser_brothers, layout_basic, enter_ziggurat_c, serial_shops,
          statue_bzr, rand_demon_pan_entry_5, hell_entry,
          minmay_staircase_bubble, uniq_vv, uniq_grunn, uniq_mara

Skill      XL: |  1  2  3  4  5  6  7  8  9 10 11 12 13 14 15 16 17 18 19 20 21 22 23 |
---------------+----------------------------------------------------------------------+-----
Axes           | 3 5 6 7 8 12 16 17 18 19 20 21 22 23 24 25 26 | 26.5
Fighting       | 4 6 8 11 12 16 17 18 19 20 21 22 23 24 | 24.8
Shields        | 6 10 11 13 14 15 16 17 18 19 20 21 | 21.2
Evocations     | 4 |  4.1
Armour         | 12 13 14 15 16 17 18 19 20 21 | 21.6
Dodging        | 3 5 7 8 9 10 11 | 11.0

Action                     |  1- 3 |  4- 6 |  7- 9 | 10-12 | 13-15 | 16-18 | 19-21 | 22-24 || total
---------------------------+-------+-------+-------+-------+-------+-------+-------+-------++-------
  Melee: War axe           |    79 |    87 |   243 |   508 |   871 |  1412 |       |       ||  3200
         Hand axe          |       |       |    17 |    19 |       |       |       |       ||    36
         Broad axe         |       |       |       |       |       |   177 |   836 |   732 ||  1745
         Unarmed           |       |       |       |       |       |       |       |     3 ||     3
 Invoke: Curse Item        |       |       |       |     3 |     4 |       |       |       ||     7
  Evoke: Wand              |       |       |       |       |       |     6 |     4 |     3 ||    13
         Phial of floods   |       |       |       |       |       |       |       |     1 ||     1
    Use: Scroll            |       |       |     2 |     9 |     3 |     4 |     8 |     4 ||    30
         Potion            |       |       |       |     7 |       |     2 |     1 |     5 ||    15
   Stab: Distracted        |       |       |       |       |       |     3 |    16 |    20 ||    39
         Paralysed         |       |       |       |       |       |       |       |     1 ||     1
 Armour: Scale mail        |    38 |    35 |    52 |       |       |       |       |       ||   125
         Skin              |       |     3 |       |       |       |       |       |       ||     3
         Chain mail        |       |       |    24 |   116 |   293 |   419 |   108 |   125 ||  1085
  Dodge: Dodged            |    34 |    36 |   183 |   260 |   467 |   902 |   285 |   234 ||  2401
  Block: Buckler           |    15 |    12 |    54 |    23 |       |       |       |       ||   104
         Tower shield      |       |       |       |   352 |   864 |  1751 |   602 |   508 ||  4077
